 Dungeon Crawl Stone Soup version 0.30-a0-743-gbfdf073431 (webtiles) character file.

Game seed: 2555149129138676368

13437 Angani the Envoy of Void (level 12, -2/76 (81) HPs)
             Began as a Meteoran Conjurer on Feb 5, 2023.
             Was a High Priest of Lugonu.
             Slain by an orc warrior
             ... wielding a +0 mace
              (10 damage)
             ... on level 2 of the Orcish Mines.
             The game lasted 00:31:55 (3445 turns).

Angani the Envoy of Void (Meteoran Conjurer)        Turns: 3445, Time: 00:31:56

HP:   -2/76 (81)    AC: 10    Str:  5    XL:     12   Next: 64%
MP:   7/30          EV: 11    Int: 25    God:    Lugonu [*****.]
Gold: 277           SH:  5    Dex: 12    Spells: 26/37 levels left

rFire   . . .      SeeInvis .    s - +0 quarterstaff
rCold   + . .      Faith    .    (shield currently unavailable)
rNeg    . . .      Spirit   .    l - +0 troll leather armour
rPois   +          Reflect  +    c - +0 helmet
rElec   +          Harm     .    (no cloak)
rCorr   .          Rampage  .    m - +0 pair of gloves of Baleful the Good {rElec rPois Will+ Regen+ Str-5}
Will    ++...                    (no boots)
Stlth   +                        b - amulet of reflection
HPRegen 1.92/turn                B - +4 ring of protection
MPRegen 0.22/turn                a - ring of protection from cold

@: very slightly contaminated, glowing, drained
A: sense surroundings 2, otherworldly, glowing, explore regen
a: Renounce Religion, Depart the Abyss, Banish, Corrupt, Enter the Abyss


You were on level 2 of the Orcish Mines.
You worshipped Lugonu.
Lugonu was extremely pleased with you.
You visited 2 branches of the dungeon, and saw 12 of its levels.

You collected 577 gold pieces.
You spent 300 gold pieces at shops.

Inventory:

Hand Weapons
 s - a +0 quarterstaff (weapon)
Missiles
 z - 2 throwing nets
Armour
 c - a +0 helmet (worn)
 l - a +0 troll leather armour (worn)
 m - the +0 pair of gloves of Baleful the Good (worn) {rElec rPois Will+ Regen+ Str-5}
   (You found it on level 5 of the Dungeon)

   Str:       It affects your strength (-5).
   rElec:     It insulates you from electricity.
   rPois:     It protects you from poison.
   Regen:     It increases your rate of health regeneration.
   Will:      It increases your willpower.
 u - +0 steam dragon scales
 y - +0 acid dragon scales
Jewellery
 a - a ring of protection from cold (right hand)
 b - an amulet of reflection (around neck)
 g - a ring of resist corrosion
 o - a ring of wizardry
 x - a +6 ring of strength
 B - a +4 ring of protection (left hand)
Wands
 t - a wand of flame (19)
 w - a wand of digging (2)
 A - a wand of mindburst (16)
Scrolls
 e - 2 scrolls of teleportation
 f - a scroll of poison
Potions
 d - 4 potions of curing
 h - 2 potions of might
 j - a potion of lignification
 k - 2 potions of heal wounds {unknown}
 n - a potion of cancellation {unknown}
 q - 3 potions of ambrosia {unknown}
 r - a potion of degeneration {unknown}
 v - 2 potions of attraction {unknown}
 D - a potion of brilliance {unknown}


   Skills:
 - Level 2.4 Dodging
 - Level 1.4 Stealth
 + Level 13.4 Spellcasting
 + Level 10.1 Conjurations
 - Level 10.0 Translocations
 + Level 13.9 Invocations


You had 26 spell levels left.
You knew the following spells:

 Your Spells              Type           Power      Damage    Failure   Level
a - Magic Dart            Conj           100%       1d8       1%          1
b - Searing Ray           Conj           100%       2d8       1%          2
c - Iskenderun's Mystic   Conj/Tloc      61%        2d13      1%          4
d - Passage of Golubria   Tloc           61%        N/A       1%          4

Your spell library contained the following spells:

 Spells                   Type           Power      Damage    Failure   Level
 Foxfire                  Conj/Fire      100%       2x1d9     1%          1
 Dazzling Flash           Conj/Hex       84%        N/A       2%          3
 Necrotise                Necr           64%        1d7       6%          1
 Summon Small Mammal      Summ           64%        N/A       6%          1
 Fulminant Prism          Conj/Hex       21%        3d12      7%          4
 Call Canine Familiar     Summ           16%        N/A       17%         3
 Summon Guardian Golem    Hex/Summ       16%        N/A       17%         3
 Vampiric Draining        Necr           16%        2d7       17%         3
 Fireball                 Conj/Fire      21%        3d10      21%         5
 Starburst                Conj/Fire      21%        6d7       73%         6
 Agony                    Necr           16%        N/A       85%         5
 Silence                  Hex/Air        8%         N/A       85%         5
 Lehudib's Crystal Spear  Conj/Erth      21%        10d6      100%        8


Dungeon Overview and Level Annotations

Branches:
Dungeon (10/15) Zot: 3104     Orc (2/2) D:9 Zot: 646     Elf (0/3) Orc:2
 Temple: D:4-7         Lair: D:8-11

Altars:
Hepliaklqana
Vehumet
Lugonu

Shops:
Orc:2 :

Annotations:
Abyss:1 Donald


Innate Abilities, Weirdness & Mutations

You passively map the area around you.
You are easily found by Zot.
You glow in the dark.
You regain HP and MP as you explore.


Message History

The orc warrior is heavily wounded.
The orc warrior is knocked back by the mystic blast.
The orc warrior slams into the rock wall!
The orc warrior is heavily wounded.
The orc warrior attacks as you move away!
You block the orc warrior's attack.
Casting: Iskenderun's Mystic Blast (mildly dangerous; 1% risk of failure)
Confirm with . or Enter, or press ? or * to list all spells.
You erupt in a blast of force!
The mystic blast hits the orc knight!
The orc knight is moderately wounded.
The orc knight is knocked back by the mystic blast.
The orc knight collides with the orc warrior!
The orc warrior is moderately wounded.
The mystic blast hits the orc sorcerer!
The orc sorcerer is almost dead.
The mystic blast hits the orc warrior.
The orc warrior is severely wounded.
The orc warrior is knocked back by the mystic blast.
The orc warrior collides with the orc knight!
The orc knight is heavily wounded.
The orc sorcerer gestures at you while chanting.
The bolt of negative energy hits you!!
You feel drained.
The orc knight hits you from afar with a +0 bardiche!
* * * LOW HITPOINT WARNING * * *
Unknown command.
Casting: Iskenderun's Mystic Blast (dangerous; 1% risk of failure)
Confirm with . or Enter, or press ? or * to list all spells.
You erupt in a blast of force!
The mystic blast hits the orc knight but does no damage.
The orc knight is heavily wounded.
The mystic blast hits the orc warrior!
The orc warrior is severely wounded.
The orc warrior is knocked back by the mystic blast.
The mystic blast hits the orc sorcerer!
You kill the orc sorcerer!
Lugonu accepts your kill.
The mystic blast hits the orc warrior.
The orc warrior is almost dead.
The orc warrior hits you with a +0 mace!
You die...

#..# ####...###...# ****
...####.##.....#.#..#
...#.#...##...#....$ ,,
#.......####......# , ,
.....#.##........## , .. ,
, ....<.........^...## ...P
, #...........>....))#...P.
, ,,
.........#.....#)).o..P.. ,
........#......#@.o...... ,
, ................o..#.....
∩, ,
.)................#...... ,
, ..............#....#...P.
,
....<..........#.......P.,,
, .....[#........##.....#..
, , ....)#......... .......
............... ...... ,,
..P...........#., , , ,


You could see an orc knight and 2 orc warriors.

Vanquished Creatures
  Erica (D:8)
  5 orc sorcerers
  Maggie (D:8)
  A kobold demonologist (D:9)
  3 trolls
  A hornet (D:7)
  Grinder (D:3)
  Prince Ribbit (D:8)
  3 yaks (D:9)
  A steam dragon (D:7)
  3 wargs (Orc:1)
  An acid dragon (D:8)
  A water moccasin (D:4)
  A black bear (D:4)
  2 sky beasts
  13 orc warriors
  An ice beast (D:6)
  A centaur (D:9)
  4 ogres
  2 phantoms (D:5)
  A kobold brigand (D:8)
  2 bullfrogs (D:7)
  A necrophage (D:5)
  2 scorpions
  5 wights (D:7)
  A howler monkey (D:9)
  5 electric eels (D:6)
  8 hounds
  2 jellies
  12 orc priests
  3 gnoll boudas
  2 iguanas
  Ijyb (D:5)
  15 orc wizards
  13 gnolls
  8 adders
  A shadow imp (D:8)
  A white imp (D:6)
  An ufetubus (D:6)
  A dart slug (D:2)
  57 orcs
  3 ball pythons
  A bat (D:1)
  5 endoplasms
  9 giant cockroaches
  5 hobgoblins
  6 jackals
  10 kobolds
  A quokka (D:2)
  A frilled lizard (D:2)
  10 goblins
  2 rats (D:1)
242 creatures vanquished.

Vanquished Creatures (collateral kills)
  An orc warrior (Orc:2)
  An orc priest (Orc:2)
  5 orcs (Orc:2)
7 creatures vanquished.

Vanquished Creatures (others)
  2 orc wizards
  A fungus (Orc:2)
  25 plants (D:6)
28 creatures vanquished.

Grand Total: 277 creatures vanquished

Notes
Turn   | Place    | Note
-------+----------+-------------------------------------------
     0 | D:1      | Angani the Meteoran Conjurer began the quest for the Orb.
     0 | D:1      | Reached XP level 1. HP: 14/14 MP: 5/5
    91 | D:1      | Reached skill level 5 in Conjurations
    91 | D:1      | Reached XP level 2. HP: 16/20 MP: 2/7
   125 | D:1      | Reached XP level 3. HP: 26/26 MP: 4/8
   301 | D:2      | Reached XP level 4. HP: 33/33 MP: 1/10
   358 | D:2      | Found a faded altar of an unknown god.
   365 | D:2      | Prayed at the altar of an unknown god.
   365 | D:2      | Became a worshipper of Lugonu the Unformed
   365 | D:2      | Reached * piety under Lugonu
   451 | D:2      | Learned a level 2 spell: Searing Ray
   501 | D:2      | Reached skill level 1 in Invocations
   503 | D:2      | You fall into a shaft and drop 1 floor!
   510 | D:3      | Noticed an ogre
   516 | D:3      | Killed an ogre
   517 | D:3      | Reached XP level 5. HP: 38/38 MP: 5/13
   610 | D:3      | Noticed Grinder
   616 | D:3      | Reached XP level 6. HP: 40/45 MP: 8/14
   617 | D:3      | Paralysed by Grinder for 5 turns
   624 | D:3      | Killed Grinder
   625 | D:3      | Reached skill level 5 in Spellcasting
   625 | D:3      | Reached XP level 7. HP: 22/50 MP: 2/16
   724 | D:4      | Learned a level 4 spell: Iskenderun's Mystic Blast
   740 | D:4      | Reached skill level 1 in Translocations
   753 | D:4      | Reached ** piety under Lugonu
   812 | D:4      | Reached skill level 5 in Invocations
   812 | D:4      | Reached XP level 8. HP: 57/57 MP: 12/18
   872 | D:5      | Entered Level 5 of the Dungeon
  1031 | D:5      | Noticed Ijyb
  1045 | D:5      | Killed Ijyb
  1052 | D:5      | Identified the +0 pair of gloves of Baleful the Good {rElec
                  | rPois Will+ Regen+ Str-5}
  1223 | D:5      | Gained mutation: You passively map the area around you.
                  | [Meteoran growth]
  1223 | D:5      | Reached XP level 9. HP: 62/62 MP: 17/21
  1247 | D:5      | Reached skill level 5 in Translocations
  1255 | D:5      | Learned a level 4 spell: Passage of Golubria
  1287 | D:5      | Found a hazy altar of Hepliaklqana.
  1435 | D:6      | Reached *** piety under Lugonu
  1827 | D:7      | Noticed a hornet
  1839 | D:7      | Reached XP level 10. HP: 55/69 MP: 24/24
  2111 | D:7      | Identified the +0 chain mail of Rationality {rCorr}
  2116 | D:7      | Reached **** piety under Lugonu
  2219 | D:8      | Noticed Prince Ribbit
  2235 | D:8      | Killed Prince Ribbit
  2236 | D:8      | Reached skill level 10 in Spellcasting
  2288 | D:8      | Reached skill level 10 in Invocations
  2329 | D:8      | Noticed Erica
  2351 | D:8      | Killed Erica
  2372 | D:8      | Noticed Maggie
  2393 | D:8      | Killed Maggie
  2587 | D:10     | Entered Level 10 of the Dungeon
  2624 | D:9      | Reached XP level 11. HP: 74/74 MP: 23/26
  2839 | D:9      | Found a staircase to the Orcish Mines.
  2876 | Orc:1    | Entered Level 1 of the Orcish Mines
  2910 | Orc:1    | Found a radiant altar of Vehumet.
  2917 | Orc:1    | Reached skill level 10 in Translocations
  2921 | Orc:1    | Noticed an orc sorcerer
  2927 | Orc:1    | Killed an orc sorcerer
  2927 | Orc:1    | Reached ***** piety under Lugonu
  3142 | Orc:2    | Entered Level 2 of the Orcish Mines
  3142 | Orc:2    | Noticed an orc sorcerer
  3142 | Orc:2    | Noticed an orc knight
  3143 | Orc:2    | Noticed an orc knight
  3143 | Orc:2    | Noticed an orc warlord
  3143 | Orc:2    | Noticed an orc high priest
  3145 | Orc:2    | Noticed a sixfirhy
  3147 | Orc:2    | Noticed Donald
  3148 | Orc:2    | Noticed an orc sorcerer
  3149 | Orc:2    | Killed an orc sorcerer
  3250 | Orc:2    | Banished an orc knight
  3259 | Orc:2    | Banished Donald
  3260 | Orc:2    | Reached XP level 12. HP: 81/81 MP: 17/29
  3260 | Orc:2    | Banished an orc high priest
  3268 | Orc:2    | Noticed a sixfirhy
  3294 | Orc:2    | Banished an orc knight
  3295 | Orc:2    | Noticed an orc knight
  3303 | Orc:2    | Banished an orc knight
  3319 | Orc:2    | Banished an orc warlord
  3370 | Orc:2    | Reached skill level 10 in Conjurations
  3371 | Orc:2    | Found Nibby's Book Boutique.
  3407 | Orc:2    | Bought a book of Callings for 300 gold pieces
  3414 | Orc:2    | Found a staircase to the Elven Halls.
  3435 | Orc:2    | Noticed an orc knight
  3445 | Orc:2    | Slain by an orc warrior

Illustrated notes

Levels and vault maps discovered:
D:1:      doesnt_arrival_eight_statues, layout_rooms, kennysheep_boxes
D:2:      layout_rooms, nicolae_ecumenical_lake_church,
          small_statue_intersection, minmay_worlds_worst_comb
D:3:      layout_basic, hex_large, feat_on_display, uniq_grinder, uniq_jessica
D:4:      layout_basic
D:5:      layout_basic, mainiacjoe_overflow_boulevard,
          minmay_temple_entry_fiery, chequers_hall_statues_wall_a, uniq_ijyb
D:6:      layout_loops_cross, serial_bayou, serial_bayou_pond_b,
          serial_bayou_lake_a, serial_bayou_ford_a, serial_bayou_pond_b
D:7:      layout_basic, serial_co_window_serial, co_window_cross_1,
          co_window_paths_b, co_window_paths_a, co_window_cross_1,
          co_window_of_opportunity_a, co_window_cross_1, co_window_paths_a,
          co_window_2corner, co_window_of_opportunity_b, co_window_cross_3,
          co_window_2corner, glass_columns_b
D:8:      layout_loops_ring, uniq_erica, uniq_maggie, uniq_prince_ribbit1
D:9:      layout_grid_maze, minmay_orc_entry_temple_small
D:10:     mumra_celtic_spiral_tile, layout_grid_maze, lair_entry_dummy
Orc:1:    layout_diamond_mine, basic_altar
Orc:2:    grunt_orc_gardens, layout_caves, grunt_orc_garden, grunt_orc_garden,
          grunt_orc_garden, grunt_orc_garden, uniq_donald, uniq_azrael

Skill      XL: |  1  2  3  4  5  6  7  8  9 10 11 12 |
---------------+-------------------------------------+-----
Spellcasting   | 3 4 5 6 7 9 10 12 13 | 13.4
Conjurations   | 5 6 8 10 | 10.1
Invocations    | 2 3 5 6 8 10 12 13 | 13.9
Translocations | 2 4 7 9 10 | 10.0
Dodging        | |  2.4
Stealth        | |  1.4

Action                     |  1- 3 |  4- 6 |  7- 9 | 10-12 || total
---------------------------+-------+-------+-------+-------++-------
  Melee: Unarmed           |     1 |     1 |    19 |       ||    21
         Quarterstaff      |       |       |     9 |    21 ||    30
   Cast: Magic Dart        |    48 |    27 |    40 |    34 ||   149
         Searing Ray       |       |     4 |    47 |    62 ||   113
         Iskenderun's Myst |       |       |       |    46 ||    46
 Invoke: Banish            |       |       |     1 |     6 ||     7
  Evoke: Wand              |       |       |     6 |    15 ||    21
    Use: Scroll            |     4 |     2 |     1 |     3 ||    10
         Potion            |     1 |       |     2 |     1 ||     4
 Armour: Robe              |    15 |     2 |    21 |     1 ||    39
         Steam dragon scal |       |       |       |    38 ||    38
         Troll leather arm |       |       |       |    15 ||    15
  Dodge: Dodged            |    21 |     6 |    53 |    82 ||   162
  Block: Other             |       |       |       |    32 ||    32
         Reflection        |       |       |       |     1 ||     1

Table legend: (Time is in decaauts)
 A = Elapsed time spent in this place.
 B = Non-inter-level travel time spent in this place.
 C = Inter-level travel time spent in this place.
 D = Time resting spent in this place.
 E = Time spent auto-exploring this place.
 F = Levels seen in this place.
 G = Mean time per level.
                   A        B        C        D        E       F      G
               +--------+--------+--------+--------+--------+-----+--------+
         Total |   3448 |   3343 |    105 |     12 |      0 |  12 |  287.3 |
       Dungeon |   2895 |   2794 |    101 |     12 |      0 |  10 |  289.5 |
  Orcish Mines |    552 |    548 |      4 |      0 |      0 |   2 |  276.0 |
               +--------+--------+--------+--------+--------+-----+--------+

Top non-repeatable levels by time:
     D:6: 440 daAuts
     D:7: 418 daAuts
     D:5: 414 daAuts
     D:8: 372 daAuts
   Orc:1: 326 daAuts
     D:9: 302 daAuts
     D:1: 268 daAuts
     D:4: 262 daAuts
   Orc:2: 226 daAuts
     D:2: 214 daAuts
     D:3: 200 daAuts
    D:10: 1 daAuts
